 Dungeon Crawl Stone Soup version 0.31-a0-435-g2c6fae2916 (webtiles) character file.

Game seed: 6955161585200873428

26639 GordonOverkill the Thaumaturge (level 13, -7/92 HPs)
             Began as an Octopode Delver on July 31, 2023.
             Was an Elder of Vehumet.
             Mangled by a skeletal warrior
             ... wielding a +0 glaive
              (34 damage)
             ... on level 12 of the Dungeon on Aug 1, 2023.
             The game lasted 01:45:25 (28780 turns).

GordonOverkill the Thaumaturge (Octopode Delver)   Turns: 28780, Time: 01:45:26

Health: -7/92      AC:  3    Str: 19    XL:     13   Next: 27%
Magic:  17/27      EV: 13    Int: 18    God:    Vehumet [****..]
Gold:   716        SH:  7    Dex: 13    Spells: 20/32 levels left

rFire   + . .        X - +4 dagger of Ceubb {elec, Int+2}
rCold   . . .        J - +2 buckler
rNeg    . . .        u - +2 hat
rPois   +            (no amulet)
rElec   .            d - ring of protection from cold
rCorr   .            N - +6 ring of strength
SInv    .            v - ring of fire
Will    .....        U - ring of poison resistance
Stlth   +++++        (no ring)
HPRegen 0.35/turn    (no ring)
MPRegen 0.20/turn    (no ring)
                     (no ring)

%: no passive effects
@: no status effects
A: almost no armour, amphibious, 8 rings, camouflage 1, gelatinous body 1,
(nimble swimmer 1), tentacles
a: Renounce Religion


You were on level 12 of the Dungeon.
You worshipped Vehumet.
Vehumet was greatly pleased with you.
You visited 4 branches of the dungeon, and saw 18 of its levels.
You also visited: Ossuary.

You collected 1229 gold pieces.
You spent 513 gold pieces at shops.

Inventory:

Hand Weapons
 f - the +3 flail of Action {heavy, rElec rF+ Str+3}
   (You found it on level 13 of the Dungeon)

   Str:       It affects your strength (+3).
   rF:        It protects you from fire.
   rElec:     It insulates you from electricity.
 g - a +1 rapier of electrocution
 h - the +0 long sword of Watchfulness {vamp, rF++ Dex+2 SInv}
   (You found it on level 7 of the Dungeon)

   Dex:       It affects your dexterity (+2).
   rF:        It greatly protects you from fire.
   SInv:      It lets you see invisible.
 F - a +1 short sword of holy wrath
 K - the +8 flail "Metsacle" {freeze, rElec rN+++ Int-2}
   (You found it on level 9 of the Dungeon)

   Int:       It affects your intelligence (-2).
   rElec:     It insulates you from electricity.
   rN:        It renders you almost immune to negative energy.
 R - a +3 scimitar of flaming
 X - the +4 dagger of Ceubb (weapon) {elec, Int+2}
   (You found it on level 14 of the Dungeon)

   Int:       It affects your intelligence (+2).
Missiles
 s - 5 throwing nets
 x - 16 poisoned darts (quivered)
 G - a curare-tipped dart
 Y - 4 silver javelins
Armour
 t - an orb of energy
 u - a +2 hat (worn)
 J - a +2 buckler (worn)
Magical Staves
 k - a staff of earth
 w - a staff of air
Jewellery
 c - an amulet of magic regeneration
 d - a ring of protection from cold (left tentacle)
 e - an amulet of regeneration
 l - an amulet of the acrobat
 v - a ring of fire (on tentacle)
 N - a +6 ring of strength (right tentacle)
 U - a ring of poison resistance (on tentacle)
 Z - a ring of fire
Wands
 j - a wand of flame (46)
 p - a wand of charming (33)
 S - a wand of iceblast (4)
Scrolls
 a - a scroll of poison
 b - 3 scrolls of fog
 i - a scroll of brand weapon
 q - 5 scrolls of teleportation
 r - 2 scrolls of enchant armour
 y - 3 scrolls of identify
 I - 2 scrolls of amnesia
 L - a scroll of immolation
 P - a scroll of vulnerability
 T - a scroll of torment
 V - a scroll of enchant weapon {unknown}
 W - a scroll of silence
Potions
 n - 3 potions of brilliance
 z - a potion of magic
 A - 4 potions of lignification
 B - 2 potions of resistance
 D - 7 potions of cancellation
 E - 3 potions of haste
 H - 3 potions of enlightenment
 M - a potion of ambrosia
 O - 2 potions of mutation
 Q - a potion of berserk rage


   Skills:
 - Level 10.0 Fighting
 - Level 7.0 Short Blades
 - Level 1.0 Throwing
 - Level 2.0 Dodging
 - Level 8.0 Stealth
 + Level 5.9 Shields
 + Level 10.4 Spellcasting
 - Level 8.0 Conjurations
 - Level 5.0 Translocations
 - Level 5.0 Fire Magic
 - Level 7.0 Ice Magic
 + Level 0.8 Air Magic
 - Level 5.0 Evocations


You had 20 spell levels left.
You knew the following spells:

 Your Spells              Type           Power      Damage    Failure   Level
a - Iskenderun's Mystic   Conj/Tloc      32%        2d8       1%          4
b - Apportation           Tloc           54%        N/A       1%          1
c - Hailstorm             Conj/Ice       36%        3d9       1%          3
d - Sticky Flame          Conj/Fire      49%        2d7       1%          4

Your spell library contained the following spells:

 Spells                   Type           Power      Damage    Failure   Level
 Stone Arrow              Conj/Erth      46%        3d9       1%          3
 Foxfire                  Conj/Fire      100%       2x1d9     1%          1
 Ensorcelled Hibernation  Hex/Ice        42%        N/A       3%          2
 Poisonous Vapours        Pois/Air       20%        N/A       3%          2
 Necrotise                Necr           36%        1d5       10%         1
 Slow                     Hex            36%        N/A       10%         1
 Summon Small Mammal      Summ           36%        N/A       10%         1
 Portal Projectile        Hex/Tloc       36%        N/A       10%         3
 Starburst                Conj/Fire      24%        6d8       24%         6
 Confusing Touch          Hex            9%         N/A       28%         3
 Tukima's Dance           Hex            9%         N/A       28%         3
 Vampiric Draining        Necr           9%         2d6       28%         3
 Summon Forest            Summ/Tloc      9%         N/A       67%         5
 Plasma Beam              Fire/Air       14%        2x1d25    69%         6
 Agony                    Necr           9%         N/A       95%         5
 Summon Mana Viper        Hex/Summ       9%         N/A       95%         5
 Summon Cactus Giant      Summ           4%         N/A       100%        6


Dungeon Overview and Level Annotations

Branches:
Dungeon (14/15)            Temple (1/1) D:7            Lair (2/5) D:9
    Orc (1/2) D:12         Vaults (0/5) D:14        Ossuary (visited)
  Swamp: Lair:2-3    Shoals: Lair:2-3     Snake: Lair:2-3    Spider: Lair:2-3

Altars:
Ashenzari
Cheibriados
Dithmenos
Elyvilon
Fedhas
Gozag
Hepliaklqana
Kikubaaqudgha
Makhleb
Nemelex Xobeh
Okawaru
Qazlal
Ru
Sif Muna
Trog
Uskayaw
Vehumet
Wu Jian
Xom
Yredelemnul
Zin
The Shining One

Shops:
D:9 *([!

Annotations:
D:3 1 runed translucent door, Crazy Yiuf
D:6 exclusions: 2 downstairs and sleepcap
D:7 exclusion: downstairs
D:8 3 runed translucent doors
D:11 exclusion: 2 downstairs
D:13 exclusion: downstairs
D:14 exclusions: 3 doors, gargoyle, ice statue and skeletal warrior
Lair:1 Gastronok


Innate Abilities, Weirdness & Mutations

You cannot wear most types of armour.
You are amphibious.
You can wear up to eight rings at the same time.
Your skin changes colour to match your surroundings (Stealth+).
Your rubbery body absorbs attacks. (AC +1, EV +1)
((You are camouflaged when in or above water. (Stealth+)))
You have tentacles for arms and can constrict up to eight enemies at once.


Message History

The mystic blast hits the yak.
The yak is lightly wounded.
The yak is knocked back by the mystic blast.
The mystic blast hits the yak.
The yak is moderately wounded.
The yak burns!
The yak gores you!
Casting: Iskenderun's Mystic Blast (mildly dangerous; 1% risk of failure)
Confirm with . or Enter, or press ? or * to list all spells.
You erupt in a blast of force!
The mystic blast hits the yak!
The yak is heavily wounded.
The mystic blast hits the yak!
The yak is severely wounded.
The yak is knocked back by the mystic blast.
The yak burns!
The yak burns!
The yak burns!
You kill the yak!
Vehumet accepts your kill.
The skeletal warrior hits you with a +0 glaive!!
The skeletal warrior hits you with a +0 glaive!
* * * LOW HITPOINT WARNING * * *
The skeletal warrior hits you with a +0 glaive!!
* * * LOW HITPOINT WARNING * * *
The skeletal warrior hits you from afar with a +0 glaive!!
* * * LOW HITPOINT WARNING * * *
Okay, then.
Unknown command.
Unknown command.
Unknown command.
Unknown command.
Unknown command.
Unknown command.
Unknown command.
Okay, then.
Unknown command.
You feel much better.
You block the skeletal warrior's attack.
The skeletal warrior closely misses you.
The skeletal warrior hits you from afar with a +0 glaive!!
You die...

..............Y....#..#..........
...................#..#..........
...................#..#..........
......(............#..#......#.##
..#'#..............#..#......#.#
..#.#.Y............#..#......#.##
..#.'.Y............#..#.........#
..#.#######'########..#.......##.
..#(.†....YY.Y..@.....#..........
.#..........Yz..z....#.......##.
################z####....#..###
.............##..###
............<...... #
#......[#.#........ ####
#.#.###.............# ...######
#.............#.....### ........#
#.....###.###.(.#......


You could see 3 skeletal warriors and 4 yaks.

Vanquished Creatures
  Erica (Lair:1)
  3 centaur warriors
  3 two-headed ogres
  A wizard (D:14)
  A deep elf pyromancer (D:12)
  An ugly thing (D:13)
  2 cyclopes
  2 manticores
  A black mamba (Lair:1)
  A gargoyle (D:13)
  An unseen horror (D:12)
  A rime drake (Lair:1)
  A komodo dragon (shapeshifter) (D:13)
  A freezing wraith (D:14)
  2 komodo dragons
  A tengu conjurer (D:13)
  4 trolls
  3 meliai (D:13)
  Grinder (D:3)
  A hornet (D:8)
  2 polar bears (D:13)
  A blink frog (Lair:1)
  7 slime creatures
  2 shadows
  A vampire (D:12)
  3 wraiths
  Sigmund (D:6)
  3 wyverns
  31 yaks
  Grum (D:8)
  A basilisk (Lair:1)
  A steam dragon (D:6)
  A redback (shapeshifter) (D:14)
  2 wargs (D:11)
  8 water moccasins
  3 black bears (D:5)
  A sky beast (D:7)
  6 orc warriors
  5 ice beasts
  An ogre (D:5)
  4 wolves
  7 centaurs
  A phantom (D:4)
  5 kobold brigands
  14 bullfrogs
  An elf zombie (Ossuary)
  4 scorpions
  4 wights (D:8)
  9 killer bees (D:8)
  3 howler monkeys
  5 jellies
  3 gnoll boudas
  4 orc priests
  2 hounds (D:5)
  3 sleepcaps
  2 iguanas
  13 orc wizards
  2 mummies (Ossuary)
  14 gnolls
  5 adders
  A shadow imp (D:7)
  5 white imps
  An ufetubus (D:6)
  2 worms
  2 dart slugs
  42 orcs
  6 ball pythons
  6 endoplasms
  5 giant cockroaches
  9 goblins
  9 hobgoblins
  9 jackals
  28 kobolds
  2 quokkas
  9 bats
  6 frilled lizards
  2 gnoll zombies (Ossuary)
  A goblin zombie (Ossuary)
  6 hobgoblin zombies (Ossuary)
  4 orc zombies (Ossuary)
  5 rats
378 creatures vanquished.

Vanquished Creatures (collateral kills)
  A yak (D:10)
1 creature vanquished.

Vanquished Creatures (others)
  2 yaks
2 creatures vanquished.

Grand Total: 381 creatures vanquished

Notes
Turn   | Place    | Note
-------+----------+-------------------------------------------
     0 | D:5      | GordonOverkill the Octopode Delver began the quest for the
                  | Orb.
     0 | D:5      | Reached XP level 1. HP: 16/16 MP: 1/1
     5 | D:5      | Noticed an orc wizard
    26 | D:6      | Noticed a sleepcap
    59 | D:6      | Reached XP level 2. HP: 21/21 MP: 2/2
    75 | D:6      | Found a sand-covered staircase.
    79 | Ossuary  | Entered an ossuary
   126 | Ossuary  | Reached XP level 3. HP: 10/26 MP: 3/3
   126 | Ossuary  | Reached XP level 4. HP: 12/31 MP: 4/4
   587 | D:6      | Noticed a steam dragon
   611 | D:6      | Reached XP level 5. HP: 23/36 MP: 5/5
   852 | D:8      | Noticed a centaur
   868 | D:7      | Identified the +0 long sword of Watchfulness {vamp, rF++
                  | Dex+2 SInv}
   921 | D:7      | Noticed an orc warrior
   951 | D:6      | Reached skill level 1 in Throwing
   951 | D:6      | Reached XP level 6. HP: 19/43 MP: 6/6
  1289 | D:5      | Noticed a black bear
  1289 | D:5      | Noticed a black bear
  1289 | D:5      | Noticed a black bear
  1289 | D:5      | Found a bloodstained altar of Trog.
  1359 | D:3      | Noticed Grinder
  1473 | D:4      | Reached skill level 5 in Short Blades
  1605 | D:4      | Found a blossoming altar of Fedhas.
  1617 | D:4      | Found a broken altar of Ashenzari.
  1632 | D:4      | Reached skill level 5 in Fighting
  1632 | D:4      | Reached XP level 7. HP: 43/50 MP: 7/7
  1826 | D:4      | Reached skill level 1 in Spellcasting
  1854 | D:4      | Found an opulent altar of Gozag.
  3434 | D:2      | Reached skill level 1 in Conjurations
  3445 | D:2      | Got the Tractate on Nocuous Malisons
  3575 | D:2      | Found a glowing silver altar of Zin.
  3586 | D:2      | Reached skill level 1 in Translocations
  4171 | D:3      | Found a runed translucent door.
  4172 | D:3      | Noticed Crazy Yiuf
  4238 | D:3      | Killed Grinder
  4239 | D:3      | Reached XP level 8. HP: 31/55 MP: 10/12
  4244 | D:3      | Learned a level 4 spell: Iskenderun's Mystic Blast
  5814 | D:5      | Found a shadowy altar of Dithmenos.
  6193 | D:6      | Reached XP level 9. HP: 43/61 MP: 14/16
  6805 | D:6      | Reached skill level 5 in Spellcasting
  6805 | D:6      | Reached skill level 5 in Conjurations
  6854 | D:6      | Upgraded the game from 0.31-a0-430-gf8416d752b to
                  | 0.31-a0-435-g2c6fae2916
  6908 | D:6      | Reached skill level 5 in Translocations
  6908 | D:6      | Reached skill level 1 in Evocations
  6916 | D:6      | Learned a level 1 spell: Apportation
  7043 | D:6      | Found a burning altar of Makhleb.
  7044 | D:6      | Noticed Sigmund
  7048 | D:6      | Killed Sigmund
  7210 | D:7      | Noticed a two-headed ogre
  7337 | D:7      | Found a sacrificial altar of Ru.
  7716 | D:7      | Found a snail-covered altar of Cheibriados.
  7893 | D:7      | Killed a two-headed ogre
  7894 | D:7      | Reached XP level 10. HP: 58/66 MP: 18/20
  7998 | D:7      | Found a staircase to the Ecumenical Temple.
  8188 | Temple   | Entered the Ecumenical Temple
  8222 | Temple   | Became a worshipper of Vehumet
  8523 | D:8      | Paralysed by a hornet for 1 turns
  9331 | D:8      | Noticed Grum
  9338 | D:8      | Killed Grum
  9338 | D:8      | Reached * piety under Vehumet
  9338 | D:8      | Offered knowledge of Sandblast by Vehumet.
  9551 | D:8      | Found a runed translucent gate.
  9552 | D:8      | Found a runed translucent gate.
  9553 | D:8      | Found a runed translucent gate.
  9555 | D:8      | Noticed a manticore
 10850 | D:9      | Found a staircase to the Lair.
 11140 | D:9      | Identified the +8 flail "Metsacle" {freeze, rElec rN+++
                  | Int-2}
 11147 | D:9      | Found Seillyskyps's Antique Armour Shop.
 11298 | D:9      | Found Cuelirem's Distillery.
 11303 | D:9      | Bought a potion of ambrosia for 96 gold pieces
 11303 | D:9      | Bought a potion of brilliance for 48 gold pieces
 11303 | D:9      | Bought a potion of enlightenment for 60 gold pieces
 11303 | D:9      | Bought a potion of heal wounds for 60 gold pieces
 11303 | D:9      | Bought a potion of mutation for 96 gold pieces
 11303 | D:9      | Bought a potion of lignification for 36 gold pieces
 11784 | D:9      | Reached XP level 11. HP: 74/77 MP: 5/23
 11786 | D:9      | Reached ** piety under Vehumet
 11786 | D:9      | Offered knowledge of Kiss of Death by Vehumet.
 11920 | D:9      | Found Pexuixzu's Antique Weapon Emporium.
 12089 | D:9      | Found Wikau's Assorted Antiques.
 12094 | D:9      | Bought a fuming white potion for 27 gold pieces
 12094 | D:9      | Bought a scroll labelled JEIGGI COACU for 30 gold pieces
 12094 | D:9      | Bought a scroll of identify for 60 gold pieces
 12529 | D:9      | Found Wikau's Assorted Antiques.
 12872 | D:9      | Found Seillyskyps's Antique Armour Shop.
 12911 | D:9      | Found Cuelirem's Distillery.
 12977 | D:9      | Found a staircase to the Lair.
 13011 | D:9      | Found Pexuixzu's Antique Weapon Emporium.
 13190 | D:10     | Entered Level 10 of the Dungeon
 14368 | D:11     | Noticed a manticore
 15107 | D:11     | Found a sparkling altar of Nemelex Xobeh.
 15459 | D:11     | Killed a manticore
 15566 | D:12     | Noticed a skeletal warrior
 15566 | D:12     | Noticed a skeletal warrior
 15566 | D:12     | Noticed a skeletal warrior
 15566 | D:12     | Noticed a skeletal warrior
 15602 | D:12     | Noticed a boulder beetle
 15653 | D:12     | Identified a scroll of acquirement
 15656 | D:12     | Acquired the staff "Impbane" {Int+5 Conj}
 15675 | D:12     | Noticed a cyclops
 15702 | D:12     | Found a staircase to the Orcish Mines.
 15780 | D:12     | Offered knowledge of Hailstorm by Vehumet.
 15924 | Lair:1   | Entered Level 1 of the Lair of Beasts
 15924 | Lair:1   | Noticed Erica
 15927 | Lair:1   | Killed Erica
 15928 | Lair:1   | Reached skill level 1 in Shields
 16672 | D:9      | Learned a level 3 spell: Hailstorm
 17062 | D:9      | Reached skill level 1 in Ice Magic
 17298 | D:9      | Reached skill level 10 in Fighting
 17678 | Lair:1   | Noticed Gastronok
 17859 | Lair:1   | Reached XP level 12. HP: 87/87 MP: 25/25
 18191 | Lair:1   | Reached *** piety under Vehumet
 18261 | Lair:1   | Reached skill level 10 in Spellcasting
 18866 | Lair:2   | Noticed an eight-headed hydra
 19750 | Lair:1   | Noticed a boulder beetle
 19758 | Lair:1   | Noticed a boulder beetle
 19758 | Lair:1   | Found the +3 pair of seven-league boots {Rampage+∞}
 20162 | Orc:1    | Entered Level 1 of the Orcish Mines
 20194 | D:12     | Offered knowledge of Sticky Flame by Vehumet.
 20235 | D:12     | Learned a level 4 spell: Sticky Flame
 21316 | D:14     | Noticed a centaur warrior
 21415 | D:14     | Reached skill level 5 in Shields
 21601 | D:14     | Noticed a two-headed ogre
 21677 | D:14     | Killed a two-headed ogre
 21989 | D:14     | Reached skill level 5 in Ice Magic
 22144 | D:14     | Identified the +4 dagger of Ceubb {elec, Int+2}
 22568 | D:14     | Reached skill level 1 in Fire Magic
 23079 | D:14     | Found a gate to the Vaults.
 23209 | D:14     | Killed a centaur warrior
 23435 | D:14     | Noticed a death knight
 23620 | D:13     | Noticed a centaur warrior
 23663 | D:13     | Killed a centaur warrior
 25143 | D:13     | Identified the +3 scale mail of a Gauntlet {Str+3 SInv
                  | Stlth+}
 25490 | D:13     | Identified the +3 flail of Action {heavy, rElec rF+ Str+3}
 25565 | D:13     | Noticed a centaur warrior
 25576 | D:13     | Killed a centaur warrior
 25577 | D:13     | Reached XP level 13. HP: 89/92 MP: 27/27
 25623 | D:13     | Reached skill level 5 in Fire Magic
 25982 | D:13     | Reached **** piety under Vehumet
 27352 | D:12     | Noticed an ice dragon
 28172 | D:12     | Offered knowledge of Stone Arrow by Vehumet.
 28173 | D:12     | Reached skill level 5 in Evocations
 28780 | D:12     | Mangled by a skeletal warrior

Illustrated notes

Levels and vault maps discovered:
D:1:      minmay_arrival_three_doors, layout_loops_corners
D:2:      layout_loops_corners, basic_altar, chequers_serial_rivers_micro_e,
          moated_statue
D:3:      layout_rooms, minmay_checkerbox, uniq_grinder, uniq_crazy_yiuf_cottage
D:4:      layout_basic, grunt_gozag_breadcrumbs, nicolae_overflow_squiral,
          minmay_close_crescents
D:5:      layout_cave_pools, trog_ov_bears_minmay,
          nicolae_dithmenos_shadow_blocks
D:6:      layout_basic, bloody_makhleb, lightli_ossuary_entry_decrepit_ruins,
          corexii_checkpoint_b, uniq_sigmund
D:7:      layout_cave_pools, mainiacjoe_overflow_cross_hatched,
          general_overflow_altar, lemuel_temple_firewalk_b, minmay_fountain_box
D:8:      lemuel_bear_cage, layout_basic, uniq_grum
D:9:      layout_long_grid, lair_entry_dummy, serial_shops,
          nicolae_shop_back_alley_shop, nicolae_shop_gibbet_a_chance,
          nicolae_shop_pleasant_corner_grove, nicolae_shop_tiny_statue_garden
D:10:     layout_loops_ring
D:11:     layout_cave_pools, nemelex_lonely_heart_becter
D:12:     layout_basic, orc_0_dummy, portal_ice_cave_entry_animals_and_master
D:13:     layout_stronghold
D:14:     layout_roguey, david_vaults_1, nicolae_wu_jian_immortal_techniques,
          ice2_lemuel
Temple:   compressed_dpeg_circular_temple
Lair:1:   layout_roguey, hellmonk_guarded_unrand_seven_league_boots, uniq_erica,
          uniq_gastronok
Lair:2:   layout_loops_ring, skrybe_swamp_entry_bodies,
          nicolae_snake_entry_warm_welcome, grunt_megastairs_4
Orc:1:    layout_diamond_mine, nicolae_volcano_entry_s_turn, uniq_josephine

Skill      XL: |  1  2  3  4  5  6  7  8  9 10 11 12 13 |
---------------+----------------------------------------+-----
Short Blades   | 3 4 5 7 |  7.0
Stealth        | 7 8 |  8.0
Throwing       | 1 |  1.0
Fighting       | 5 7 10 | 10.0
Spellcasting   | 2 4 7 8 9 10 | 10.4
Conjurations   | 2 4 7 8 |  8.0
Translocations | 2 4 5 |  5.0
Evocations     | 2 4 5 |  5.0
Shields        | 3 5 |  5.9
Ice Magic      | 2 7 |  7.0
Fire Magic     | 4 5 |  5.0
Dodging        | |  2.0
Air Magic      | |  0.8

Action                     |  1- 3 |  4- 6 |  7- 9 | 10-12 | 13-15 || total
---------------------------+-------+-------+-------+-------+-------++-------
  Melee: Rapier            |     8 |    93 |   241 |   227 |       ||   569
         Constrict         |     1 |    27 |    46 |    39 |     3 ||   116
         Tentacles         |       |    21 |    53 |    63 |    14 ||   151
         Punch             |       |     2 |     3 |     2 |     3 ||    10
         Dagger            |       |       |       |    20 |    25 ||    45
  Throw: Boomerang         |       |       |    43 |   191 |       ||   234
         Dart              |       |       |    24 |   130 |    35 ||   189
         Javelin           |       |       |       |       |     5 ||     5
   Cast: Iskenderun's Myst |       |       |       |   268 |    29 ||   297
         Apportation       |       |       |       |     4 |       ||     4
         Hailstorm         |       |       |       |    44 |     3 ||    47
         Sticky Flame      |       |       |       |    39 |    21 ||    60
  Evoke: Wand              |       |       |     8 |    34 |       ||    42
    Use: Scroll            |     1 |       |     7 |    24 |       ||    32
         Potion            |       |       |     3 |     8 |     1 ||    12
   Stab: Sleeping          |     1 |    10 |    31 |     8 |     1 ||    51
         Distracted        |       |       |     1 |     2 |       ||     3
 Armour: Skin              |       |     2 |     8 |    46 |     6 ||    62
  Dodge: Dodged            |     1 |    37 |   148 |   276 |    26 ||   488
  Block: Buckler           |       |       |       |    78 |    24 ||   102

Table legend: (Time is in decaauts)
 A = Elapsed time spent in this place.
 B = Non-inter-level travel time spent in this place.
 C = Inter-level travel time spent in this place.
 D = Time resting spent in this place.
 E = Time spent auto-exploring this place.
 F = Levels seen in this place.
 G = Mean time per level.
                   A        B        C        D        E       F      G
               +--------+--------+--------+--------+--------+-----+--------+
         Total |  28871 |  27242 |   1629 |  11262 |   7403 |  19 | 1519.5 |
       Dungeon |  25316 |  23800 |   1516 |   9586 |   6881 |  14 | 1808.3 |
        Temple |     68 |     35 |     33 |      0 |      0 |   1 |   68.0 |
          Lair |   2970 |   2890 |     80 |   1584 |    522 |   2 | 1485.0 |
  Orcish Mines |     20 |     20 |      0 |      0 |      0 |   1 |   20.0 |
       Ossuary |    495 |    495 |      0 |     92 |      0 |   1 |  495.0 |
               +--------+--------+--------+--------+--------+-----+--------+

Top non-repeatable levels by time:
    D:13: 4184 daAuts
     D:9: 3663 daAuts
  Lair:1: 2380 daAuts
    D:12: 2103 daAuts
     D:8: 2019 daAuts
    D:14: 1834 daAuts
    D:11: 1710 daAuts
     D:6: 1580 daAuts
    D:10: 1568 daAuts
     D:7: 1464 daAuts
     D:4: 1447 daAuts
     D:3: 1018 daAuts
     D:2: 992 daAuts
     D:5: 979 daAuts
     D:1: 750 daAuts
